 Dungeon Crawl Stone Soup version 0.28.0-53-g5a82cb258f (webtiles) character file.

Game seed: 7467238117838818637

1883 CryoSword the Conjurer (level 8, 0/62 HPs)
             Began as a Black Draconian Conjurer on June 2, 2022.
             Was a Follower of Dithmenos.
             Slain by an orc warrior
             ... wielding a +0 battleaxe
              (11 damage)
             ... in a bailey.
             The game lasted 00:12:32 (8109 turns).

CryoSword the Conjurer (Black Draconian Conjurer)   Turns: 8109, Time: 00:12:32

Health: 0/62       AC:  7    Str: 11    XL:     8   Next: 92%
Magic:  3/11       EV: 11    Int: 19    God:    Dithmenos [*.....]
Gold:   279        SH:  5    Dex: 10    Spells: 8/11 levels left

rFire   . . .      SeeInvis .   p - +1 dagger (elec)
rCold   . . .      Faith    .   b - +0 buckler
rNeg    . . .      Spirit   .   (armour unavailable)
rPois   .          Reflect  .   (helmet restricted)
rElec   +          Harm     .   (no cloak)
rCorr   +          Rampage  .   l - +0 pair of gloves
Will    .....                   (no boots)
Stlth   ++........              h - amulet of regeneration
HPRegen 1.00/turn               q - ring of flight
MPRegen 0.12/turn               B - ring of resist corrosion

@: short of breath, flying, wreathed by umbra
A: breathe lightning, AC +6, unfitting armour, electricity resistance,
cold-blooded
a: Breathe Lightning, Renounce Religion


You were in a bailey.
You worshipped Dithmenos.
Dithmenos was aware of your devotion.
You visited 2 branches of the dungeon, and saw 8 of its levels.
You also visited: Sewer and Bailey.

You collected 279 gold pieces.

Inventory:

Hand Weapons
 p - a +1 dagger of electrocution (weapon)
   (You took it off an orc on level 4 of the Dungeon)
Missiles
 c - 23 poisoned darts (quivered)
 o - 7 boomerangs
Armour
 b - a +0 buckler (worn)
   (You found it on level 2 of the Dungeon)
 l - a +0 pair of gloves (worn)
   (You found it on level 4 of the Dungeon)
 x - a +0 pair of boots
   (You found it on level 5 of the Dungeon)
Jewellery
 h - an amulet of regeneration (around neck)
   (You found it on level 3 of the Dungeon)
 q - a ring of flight (left hand)
   (You found it on level 5 of the Dungeon)
 B - a ring of resist corrosion (right hand)
   (You found it on level 5 of the Dungeon)
 D - a +6 ring of intelligence
   (You found it on level 6 of the Dungeon)
Wands
 f - a wand of iceblast (11)
   (You found it on level 2 of the Dungeon)
Scrolls
 d - 2 scrolls of identify {@r1}
 e - a scroll of magic mapping {unknown}
 j - 5 scrolls of enchant armour {unknown}
 n - a scroll of torment {unknown}
 r - 2 scrolls of acquirement {unknown}
 u - 3 scrolls of enchant weapon {unknown}
 w - 2 scrolls of teleportation {unknown}
 y - a scroll of summoning {unknown}
 z - a scroll of blinking {unknown}
 C - a scroll of noise {unknown}
 E - a scroll of immolation {unknown}
Potions
 a - 5 potions of curing {@q1}
 g - 3 potions of heal wounds {@q2}
 i - 3 potions of haste {unknown}
 k - 3 potions of lignification {unknown}
 m - a potion of cancellation {unknown}
 s - a potion of resistance {unknown}
 t - 2 potions of invisibility {unknown}
 v - a potion of mutation {unknown}
 A - a potion of might {unknown}


   Skills:
 + Level 2.7 Fighting
 * Level 6.1 Short Blades
 - Level 2.0 Dodging
 + Level 3.2 Stealth
 * Level 5.9 Shields
 - Level 2.2 Spellcasting
 + Level 6.7 Conjurations
 + Level 3.3 Air Magic


You had 8 spell levels left.
You knew the following spells:

 Your Spells              Type           Power      Damage    Failure   Level
a - Magic Dart            Conj           100%       1d8       1%          1
b - Searing Ray           Conj           54%        2d6       1%          2

Your spell library contained the following spells:

 Spells                   Type           Power      Damage    Failure   Level
 Foxfire                  Conj/Fire      56%        2x1d6     5%          1
 Conjure Flame            Conj/Fire      14%        6-21      16%         3
 Dazzling Flash           Conj/Hex       28%        N/A       16%         3
 Stone Arrow              Conj/Erth      28%        3d8       16%         3
 Summon Small Mammal      Summ           8%         N/A       22%         1
 Flame Wave               Conj/Fire      14%        2d6       45%         4
 Fulminant Prism          Conj/Hex       7%         3d7       45%         4
 Iskenderun's Mystic Bla  Conj/Tloc      14%        2d5       45%         4
 Call Canine Familiar     Summ           2%         N/A       54%         3
 Gell's Gravitas          Tloc           2%         N/A       54%         3
 Inner Flame              Hex/Fire       2%         N/A       54%         3
 Portal Projectile        Hex/Tloc       4%         N/A       54%         3
 Summon Guardian Golem    Hex/Summ       2%         N/A       54%         3
 Teleport Other           Tloc           2%         N/A       54%         3
 Leda's Liquefaction      Hex/Erth       1%         N/A       91%         4
 Summon Ice Beast         Ice/Summ       2%         N/A       91%         4
 Summon Mana Viper        Hex/Summ       2%         N/A       99%         5
 Dispersal                Tloc           1%         N/A       100%        6
 Monstrous Menagerie      Summ           1%         N/A       100%        7
 Lehudib's Crystal Spear  Conj/Erth      7%         10d3      100%        8
 Animate Armour           Summ/Erth      Unusable   N/A       N/A         4

Dungeon Overview and Level Annotations

Branches:
Dungeon (7/15)             Temple (1/1) D:5           Sewer (visited)
 Bailey (1/1)

Altars:
Ashenzari
Cheibriados
Dithmenos
Elyvilon
Fedhas
Gozag
Hepliaklqana
Kikubaaqudgha
Makhleb
Nemelex Xobeh
Okawaru
Qazlal
Ru
Trog
Uskayaw
Vehumet
Wu Jian
Xom
Yredelemnul
The Shining One


Innate Abilities, Weirdness & Mutations

You can breathe wild blasts of lightning.
Your glossy black scales are hard. (AC +6)
You cannot fit into any form of body armour.
You are resistant to electric shocks. (rElec)
You are cold-blooded and may be slowed by cold attacks.


Message History

There is an open door, spattered with blood here.
Items here: ))))))) [[[[[[[ ÷ †††.
Items here: )))) [[[[ ††.
An orc is nearby!
An orc is nearby!
An orc is nearby!
The orc shouts!
You hear a shout!
The orc hits you with a +0 war axe.
You hear a shout!
You barely miss the orc. The orc barely misses you.
You hit the orc but do no damage. The orc hits you with a +0 war axe.
You hit the orc but do no damage. You hit the orc.
Lightning courses through the orc!
You kill the orc!
Dithmenos accepts your kill.
No target in view!
Things that are here:
a +0 hand axe; a +0 leather armour
There is an open door, spattered with blood here.
Items here: ))))))) [[[[[[[ ÷ †††.
Things that are here:
a +0 hand axe; a +0 leather armour; a hobgoblin skeleton A gnoll comes into view.
It is wielding a +0 hand axe.
There is an open door here.
A hobgoblin, 2 goblins and a gnoll come into view.
The goblin shouts! x2; The gnoll shouts!
An orc warrior comes into view. It is wielding a +0 war axe.
A gnoll comes into view. It is wielding a +0 hand axe.
There is an open door here.
Aim: a goblin, wielding a +0 hand axe and wearing a +0 leather armour (74% to hit)
The searing ray hits the goblin.
You kill the goblin!
Dithmenos accepts your kill.
The searing ray hits the gnoll. (Press . to maintain the ray.)
The hobgoblin shouts!
You hear a shout!
The searing ray hits the gnoll!
The searing ray hits the gnoll.
The orc warrior shouts!
The searing ray hits the hobgoblin.
You finish channelling your searing ray.
The hobgoblin barely misses you. The goblin hits you with a +0 hand axe.
A goblin comes into view. It is wielding a +0 hand axe.
Aim: a gnoll, wielding a +0 hand axe and wearing a +0 leather armour (almost dead, 82% to hit)
The searing ray hits the goblin!
You kill the goblin!
Dithmenos accepts your kill.
The searing ray hits the gnoll.
You kill the gnoll!
Dithmenos accepts your kill.
You are shrouded in an aura of darkness! (Press . to maintain the ray.)
The goblin shouts!
The hobgoblin hits you but does no damage.
You closely miss the hobgoblin.
Your tail-slap misses the hobgoblin.
The hobgoblin hits you with a +0 hand axe!
You barely miss the hobgoblin.
The hobgoblin hits you with a +0 hand axe.
You closely miss the hobgoblin. The hobgoblin closely misses you.
You hit the hobgoblin but do no damage.
Lightning courses through the hobgoblin!!
You kill the hobgoblin!
Dithmenos accepts your kill. The gnoll closely misses you.
You hit the orc warrior. You block the gnoll's attack.
The orc warrior hits you with a +0 war axe.
You barely miss the orc warrior.
A goblin comes into view. It is wielding a +0 hand axe.
The gnoll misses you.
The goblin shouts!
You hit the orc warrior but do no damage.
You tail-slap the orc warrior.
You hear a shout!
The orc warrior misses you.
An orc warrior comes into view. It is wielding a +0 battleaxe.
The orc warrior shouts!
You hit the orc warrior but do no damage.
The gnoll barely misses you.
The orc warrior hits you with a +0 war axe!
Aim: a gnoll, wielding a +0 hand axe and wearing a +0 leather armour (umbra, 82% to hit)
Okay, then.
Aim: an orc warrior, wielding a +0 war axe and wearing a +0 chain mail (lightly wounded, 77% to hit)
The searing ray hits the gnoll.
The searing ray hits the orc warrior. (Press . to maintain the ray.)
The gnoll hits you with a +0 hand axe.
The searing ray hits the gnoll.
The searing ray hits the orc warrior.
The gnoll hits you with a +0 hand axe!
The searing ray hits the gnoll.
The searing ray misses the orc warrior.
The searing ray hits the goblin!
You kill the goblin!
Dithmenos accepts your kill.
A hobgoblin comes into view. It is wielding a +0 hand axe.
The gnoll hits you but does no damage.
The searing ray hits the gnoll!
You kill the gnoll!
Dithmenos accepts your kill.
The searing ray hits the orc warrior but does no damage. x2
You finish channelling your searing ray.
A goblin comes into view. It is wielding a +0 war axe.
There is an open gate here.
You hit the goblin. Lightning courses through the goblin!
You kill the goblin!
Dithmenos accepts your kill.
You hit the orc warrior but do no damage.
Lightning courses through the orc warrior!
The orc warrior misses you.
You closely miss the orc warrior.
You hit the orc warrior but do no damage.
Your tail-slap misses the orc warrior.
The orc warrior barely misses you.
You hit the orc warrior.
Lightning courses through the orc warrior!
You kill the orc warrior!
Dithmenos accepts your kill.
You barely miss the gnoll. You hit the gnoll.
You tail-slap the gnoll, but do no damage.
The gnoll barely misses you.
You hit the gnoll but do no damage. Lightning courses through the gnoll!
You kill the gnoll!
Dithmenos accepts your kill.
You hit the orc warrior but do no damage.
Your tail-slap misses the orc warrior.
The orc warrior hits you with a +0 battleaxe.
You hit the orc warrior but do no damage.
You hit the orc warrior but do no damage.
The orc warrior hits you with a +0 battleaxe!
You hit the orc warrior but do no damage.
You tail-slap the orc warrior, but do no damage.
You block the orc warrior's attack.
You hit the orc warrior but do no damage.
You tail-slap the orc warrior, but do no damage.
The orc warrior hits you with a +0 battleaxe!
* * * LOW HITPOINT WARNING * * *
Activating: Breathe Lightning (4% risk of failure)
You breathe a wild blast of lightning!
You hear a mighty clap of thunder!
The tree burns like a torch!
You hear a mighty clap of thunder!
The tree burns like a torch!
You hear a shout! x2
You block the goblin's attack.
The orc warrior hits you with a +0 battleaxe!!
* * * LOW HITPOINT WARNING * * *
The forest fire spreads!
The forest fire spreads!
The forest fire spreads! x2
There is an empty arch of ancient stone here.
The forest fire spreads!
The orc warrior hits you with a +0 battleaxe!
You die...

## .♣♣♣♣
♣§§§♣♣♣
♣♣§§.♣.♣♣
♣♣♣♣.......♣♣♣
♣§.).@g......♣
♣♣))..o∩....♣♣
♣♣.........♣
♣.....∩....♣
♣♣♣........♣
♣.......♣♣
♣##'')##♣
##.....##
#......o#


You could see an orc warrior and a goblin.

Vanquished Creatures
  Menkaure (D:4)
  3 water moccasins
  3 orc warriors (Bailey)
  A necrophage (D:7)
  A black bear (D:4)
  2 ogres
  2 scorpions (D:5)
  A howler monkey (D:4)
  2 orc priests (D:4)
  2 bullfrog skeletons (D:6)
  2 jellies
  2 iguanas
  4 orc wizards
  2 howler monkey skeletons
  8 gnolls (Bailey)
  9 adders
  2 river rats (Sewer)
  An ufetubus (D:4)
  2 worms
  A dart slug (D:1)
  16 orcs
  14 ball pythons
  7 endoplasms
  4 giant cockroaches
  20 goblins
  18 hobgoblins
  8 jackals
  2 quokkas
  5 bats
  6 frilled lizards
  8 kobolds
  10 rats
169 creatures vanquished.

Vanquished Creatures (others)
  26 plants
26 creatures vanquished.

Grand Total: 195 creatures vanquished

Notes
Turn   | Place    | Note
-------+----------+-------------------------------------------
     0 | D:1      | CryoSword the Draconian Conjurer began the quest for the
                  | Orb.
     0 | D:1      | Reached XP level 1. HP: 14/14 MP: 3/3
   280 | D:1      | Reached XP level 2. HP: 22/22 MP: 1/5
   881 | D:1      | Reached XP level 3. HP: 27/27 MP: 6/6
  1067 | D:2      | Reached skill level 1 in Short Blades
  1070 | D:2      | Learned a level 2 spell: Searing Ray
  1622 | D:2      | Reached XP level 4. HP: 23/34 MP: 7/7
  2088 | D:3      | Reached skill level 1 in Shields
  2229 | D:3      | Found a faded altar of an unknown god.
  2392 | D:3      | Reached skill level 5 in Conjurations
  2392 | D:3      | Reached XP level 5. HP: 19/39 MP: 4/8
  2740 | D:3      | Found a burning altar of Makhleb.
  2763 | D:3      | Found a white marble altar of Elyvilon.
  3051 | D:3      | Found a sparkling altar of Nemelex Xobeh.
  3180 | D:3      | Found a hide-covered altar of Uskayaw.
  3431 | D:4      | Noticed an ogre
  3547 | D:3      | Killed an ogre
  3654 | D:4      | Reached XP level 6. HP: 46/46 MP: 9/9
  3676 | D:4      | Identified the +11 quarterstaff "Saluecs" {chaos, Will+}
  3690 | D:4      | Noticed Menkaure
  3960 | D:4      | Found a faded altar of an unknown god.
  3962 | D:4      | Found a faded altar of an unknown god.
  4071 | D:4      | Found a faded altar of an unknown god.
  4071 | D:4      | Found a hazy altar of Hepliaklqana.
  4357 | D:4      | Your scales start taking on a glossy black colour.
  4357 | D:4      | Reached XP level 7. HP: 22/51 MP: 2/10
  4357 | D:4      | Gained mutation: You are resistant to electric shocks.
                  | (rElec) [Black Draconian growth]
  4809 | D:4      | Found a faded altar of an unknown god.
  4812 | D:4      | Found a faded altar of an unknown god.
  4815 | D:4      | Found a hazy altar of Hepliaklqana.
  4815 | D:4      | Found a faded altar of an unknown god.
  4929 | D:4      | Killed Menkaure
  5092 | D:5      | Entered Level 5 of the Dungeon
  5133 | D:5      | Found a glowing drain.
  5175 | Sewer    | Entered a sewer
  5256 | Sewer    | Reached skill level 1 in Air Magic
  6148 | D:5      | Found a stormy altar of Qazlal.
  6292 | D:5      | Found a staircase to the Ecumenical Temple.
  6300 | Temple   | Entered the Ecumenical Temple
  6363 | Temple   | Became a worshipper of Dithmenos the Shadowed
  6435 | D:5      | Found an ancient bone altar of Kikubaaqudgha.
  6643 | D:5      | Reached skill level 1 in Fighting
  6643 | D:5      | Reached skill level 5 in Short Blades
  6852 | D:6      | Reached XP level 8. HP: 59/59 MP: 5/11
  7361 | D:6      | Reached skill level 5 in Shields
  7563 | D:7      | Found a flagged portal.
  7581 | Bailey   | Entered a bailey
  8068 | Bailey   | Reached * piety under Dithmenos
  8109 | Bailey   | Slain by an orc warrior

Illustrated notes

Levels and vault maps discovered:
D:1:      scummos_arrival_simple_crosswalls, layout_rooms, st_stairs_4,
          glass_columns_a, minmay_misc_feat_rows
D:2:      layout_loops_cross, minivault_5
D:3:      layout_basic, nicolae_overflow_quartered_altars,
          shapermc_ecumenical_altar_ellora
D:4:      layout_loops_ring, nicolae_hepliaklqana_ecumenical_no_more,
          uniq_menkaure
D:5:      layout_loops_ring, grunt_qazlal_sundering,
          mainiacjoe_overflow_catwalk, minmay_temple_entry_glassed_door,
          cheibrodos_sewer_entry_drain
D:6:      layout_basic
D:7:      layout_basic, enter_bailey_3, lightli_corner_chamber
Temple:   cyrus_circular_temple
Bailey:   bailey_axe_minmay_hex_keep, bailey

Skill      XL: |  1  2  3  4  5  6  7  8 |
---------------+-------------------------+-----
Dodging        | 2 |  2.0
Stealth        | 2 3 |  3.2
Short Blades   | 1 2 3 5 6 |  6.1
Shields        | 1 2 3 4 5 |  5.9
Conjurations   | 5 6 |  6.7
Air Magic      | 1 3 |  3.3
Fighting       | 1 2 |  2.7
Spellcasting   | |  2.2

Action                   |  1- 3 |  4- 6 |  7- 9 || total
-------------------------+-------+-------+-------++-------
Melee: Short sword       |    10 |       |       ||    10
       Tailslap          |    11 |    19 |    20 ||    50
       Dagger            |    79 |   129 |   136 ||   344
       Punch             |     1 |       |       ||     1
 Cast: Magic Dart        |    20 |       |     1 ||    21
       Searing Ray       |       |    11 |    36 ||    47
 Abil: Breathe Lightning |       |       |     8 ||     8
  Use: Potion            |       |     1 |       ||     1
       Scroll            |       |     1 |       ||     1
 Stab: Sleeping          |     1 |     6 |       ||     7
Armor: Skin              |    37 |    53 |    41 ||   131
Dodge: Dodged            |    43 |    78 |    61 ||   182
Block: Buckler           |     3 |    26 |    25 ||    54
